 Dungeon Crawl Stone Soup version 0.27-a0-1105-g946c659c87 (webtiles) character file.

Game seed: 12082303250555406997

97 DogServant the Ruffian (level 4, -1/45 HPs)
             Began as an Ogre Transmuter on Apr 30, 2021.
             Slain by an orc priest
             ... wielding a +0 mace
              (5 damage)
             ... on level 3 of the Dungeon.
             The game lasted 00:03:32 (1965 turns).

DogServant the Ruffian (Ogre Transmuter)            Turns: 1965, Time: 00:03:33

Health: -1/45      AC:  3    Str: 14    XL:     4   Next: 68%
Magic:  5/7        EV: 10    Int: 14    God:
Gold:   36         SH:  0    Dex: 10    Spells: 1/7 levels left

rFire    . . .     SeeInvis .     - Unarmed
rCold    . . .     Faith    .   (no shield)
rNeg     . . .     Spirit   .   a - +0 robe
rPois    .         Reflect  .   (helmet currently unavailable)
rElec    .         Harm     .   (no cloak)
rCorr    .         Rampage  .   (gloves unavailable)
Will     .....                  (boots unavailable)
Stlth    +.........             (no amulet)
HPRegen  0.15/turn              (no ring)
MPRegen  0.10/turn              (no ring)

@: appendages (expiring), wereblooded
A: horns 2, talons 2, large, unfitting armour, tough skin 1
a: End Transformation


You were on level 3 of the Dungeon.
You had temporarily grown beastly horns and talons.
You visited 1 branch of the dungeon, and saw 3 of its levels.

You collected 36 gold pieces.

Inventory:

Armour
 a - a +0 robe (worn)
 c - a +1 hat (melded)
Jewellery
 h - a ring of ice
Scrolls
 b - 2 scrolls of identify {unknown}
 g - a scroll of immolation {unknown}
 i - a scroll of vulnerability {unknown}
Potions
 d - a potion of curing {unknown}
 e - a potion of resistance {unknown}
 f - a potion of might {unknown}


   Skills:
 - Level 3.0 Fighting
 - Level 1.8 Dodging
 + Level 3.6 Unarmed Combat
 - Level 2.4 Spellcasting
 + Level 2.9 Transmutations


You had one spell level left.
You knew the following spells:

 Your Spells              Type           Power      Damage    Failure   Level
a - Beastly Appendage     Tmut           20%        N/A       7%          1
b - Wereblood             Tmut           10%        N/A       11%         2
c - Spider Form           Tmut/Pois      2%         N/A       36%         3

Your spell library contained the following spells:

 Spells                   Type           Power      Damage    Failure   Level
 Animate Skeleton         Necr           2%         N/A       22%         1
 Apportation              Tloc           2%         N/A       22%         1
 Corona                   Hex            1%         N/A       22%         1
 Summon Small Mammal      Summ           4%         N/A       22%         1
 Call Imp                 Summ           1%         N/A       34%         2
 Call Canine Familiar     Summ           1%         N/A       56%         3
 Summon Guardian Golem    Hex/Summ       1%         N/A       56%         3
 Ice Form                 Ice/Tmut       5%         N/A       77%         4
 Hydra Form               Tmut           5%         N/A       88%         5
 Summon Ice Beast         Ice/Summ       1%         N/A       92%         4
 Summon Lightning Spire   Summ/Air       1%         N/A       92%         4


Dungeon Overview and Level Annotations

Branches:
Dungeon (3/15)

Altars:

Shops:
D:1 *

Annotations:
D:2 Sigmund


Innate Abilities, Weirdness & Mutations

You have temporarily grown beastly horns and talons.
You are too large for most types of armour.
You have tough skin. (AC +1)


Message History

The orc is heavily wounded.
You hit the orc.
The orc is almost dead.
The orc closely misses you.
You hit the orc but do no damage.
The orc is almost dead.
You hit the orc but do no damage. You claw the orc.
You kill the orc!
The orc throws a stone.
The stone closely misses you.
The orc priest mumbles some strange prayers to Beogh against you.
Pain shoots through your body! The orc hits you with a +0 dagger.
You hit the orc priest.
The orc priest is lightly wounded.
The orc barely misses you.
The orc priest begins to cast a cantrip, but forgets the words!
You hit the orc priest but do no damage.
Your kick misses the orc priest.
The orc priest is lightly wounded.
You howl as the wereblood boils in your veins!
Your transformation is almost over.
The orc hits you with a +0 dagger. The orc hits you with a +0 club.
The orc priest calls down the wrath of Beogh upon you.
Beogh smites you!
You completely miss the orc priest. Your headbutt misses the orc priest.
The orc hits you with a +0 dagger. The orc hits you with a +0 club.
* * * LOW HITPOINT WARNING * * *
The orc priest hits you with a +0 mace.
* * * LOW HITPOINT WARNING * * *
You barely miss the orc priest.
You howl as the wereblood boils in your veins!
The orc barely misses you. x2
The orc priest looks encouraged for a moment.
You hit the orc priest but do no damage.
Your kick misses the orc priest. The orc hits you with a +0 dagger.
* * * LOW HITPOINT WARNING * * *
The orc hits you with a +0 club.
* * * LOW HITPOINT WARNING * * *
The orc priest hits you with a +0 mace.
You die...

. ..### .....
...... ......#
......o########
......o@......#
......o.)####)#
.(...###.#..†<#
...# ..#....#
.. ######### .


You could see an orc priest and 2 orcs.

Vanquished Creatures
  Jessica (D:2)
  Natasha (D:3)
  A dart slug (D:1)
  2 orcs (D:3)
  6 ball pythons
  8 bats
  2 endoplasms (D:2)
  A giant cockroach (D:2)
  3 hobgoblins (D:1)
  2 quokkas (D:1)
  3 frilled lizards
  4 goblins (D:1)
  4 kobolds (D:1)
  A rat (D:2)
39 creatures vanquished.

Notes
Turn   | Place    | Note
-------+----------+-------------------------------------------
     0 | D:1      | DogServant the Ogre Transmuter began the quest for the Orb.
     0 | D:1      | Reached XP level 1. HP: 19/19 MP: 3/3
    39 | D:1      | Reached XP level 2. HP: 19/28 MP: 3/5
   291 | D:1      | Found Jiaf's General Store.
   302 | D:1      | Found a faded altar of an unknown god.
   370 | D:1      | Learned a level 2 spell: Wereblood
  1045 | D:1      | Reached XP level 3. HP: 35/35 MP: 4/6
  1476 | D:2      | Noticed Jessica
  1482 | D:2      | Learned a level 3 spell: Spider Form
  1495 | D:2      | Killed Jessica
  1496 | D:2      | Reached XP level 4. HP: 34/44 MP: 7/7
  1690 | D:2      | Noticed Sigmund
  1731 | D:3      | Noticed Natasha
  1744 | D:3      | Killed Natasha
  1965 | D:3      | Slain by an orc priest

Illustrated notes

Levels and vault maps discovered:
D:1:      minmay_arrival_arboretum_large, layout_basic,
          ebering_ecumenical_altar_abandoned, serial_shops,
          nicolae_shop_behind_doors
D:2:      layout_loops_ring, uniq_sigmund, uniq_jessica
D:3:      layout_basic, grunt_temple_overflow_open,
          chequers_serial_rivers_micro_d, uniq_natasha, uniq_grinder

Skill      XL: |  1  2  3  4 |
---------------+-------------+-----
Transmutations | 2 |  2.9
Fighting       | 2 3 |  3.0
Unarmed Combat | 3 |  3.6
Dodging        | |  1.8
Spellcasting   | |  2.4

Action                   |  1- 3 |  4- 6 || total
-------------------------+-------+-------++-------
Melee: Unarmed           |   104 |    21 ||   125
       Kick              |    11 |     5 ||    16
       Headbutt          |     4 |     2 ||     6
 Cast: Beastly Appendage |    19 |     5 ||    24
       Wereblood         |       |     1 ||     1
Armor: Robe              |    48 |     1 ||    49
Dodge: Dodged            |    74 |    10 ||    84

Table legend: (Time is in decaauts)
 A = Elapsed time spent in this place.
 B = Non-inter-level travel time spent in this place.
 C = Inter-level travel time spent in this place.
 D = Time resting spent in this place.
 E = Time spent auto-exploring this place.
 F = Levels seen in this place.
 G = Mean time per level.
                   A        B        C        D        E       F      G
               +--------+--------+--------+--------+--------+-----+--------+
         Total |   1967 |   1926 |     41 |    185 |   1429 |   3 |  655.7 |
       Dungeon |   1967 |   1926 |     41 |    185 |   1429 |   3 |  655.7 |
               +--------+--------+--------+--------+--------+-----+--------+

Top non-repeatable levels by time:
     D:1: 1367 daAuts
     D:2: 323 daAuts
     D:3: 275 daAuts
